 Dungeon Crawl Stone Soup version 0.29-a0-495-g17b79114eb (webtiles) character file.

Game seed: 4786682262665818246

8 siradein the Digger (level 2, -1/15 HPs)
             Began as a Gargoyle Earth Elementalist on May 27, 2022.
             Slain by a jackal (3 damage)
             ... on level 1 of the Dungeon.
             The game lasted 00:00:46 (168 turns).

siradein the Digger (Gargoyle Earth Elementalist)    Turns: 168, Time: 00:00:47

Health: -1/15      AC:  4    Str: 11    XL:     2   Next: 8%
Magic:  1/5        EV: 11    Int: 15    God:
Gold:   0          SH:  0    Dex: 10    Spells: 4/5 levels left

rFire   . . .      SeeInvis .   (no weapon)
rCold   . . .      Faith    .   (no shield)
rNeg    + . .      Spirit   .   b - +0 robe
rPois   ∞          Reflect  .   (no helmet)
rElec   +          Harm     .   (no cloak)
rCorr   .          Rampage  .   (no gloves)
Will    .....                   (no boots)
Stlth   ++........              (no amulet)
HPRegen 0.05/turn               (no ring)
MPRegen 0.09/turn               (no ring)

@: no status effects
A: sickness immunity, AC +2, negative energy resistance 1, electricity
resistance, torment resistance 1, petrification resistance
a: no special abilities


You were on level 1 of the Dungeon.
You visited 1 branch of the dungeon, and saw 1 of its levels.

Inventory:

Missiles
 a - 28 stones
Armour
 b - a +0 robe (worn)
Potions
 c - a potion of magic
 d - a potion of curing {unknown}


   Skills:
 - Level 1.5 Dodging
 - Level 2.1 Stealth
 + Level 2.3 Spellcasting
 - Level 0.7 Transmutations
 + Level 4.0 Earth Magic


You had 4 spell levels left.
You knew the following spells:

 Your Spells              Type           Power      Damage    Failure   Level
a - Sandblast             Erth           26%        2d8       4%          1

Your spell library contained the following spells:

 Spells                   Type           Power      Damage    Failure   Level
 Passwall                 Tmut/Erth      6%         N/A       12%         2
 Stone Arrow              Conj/Erth      14%        3d7       28%         3
 Petrify                  Tmut/Erth      8%         N/A       63%         4


Dungeon Overview and Level Annotations

Branches:
Dungeon (1/15)

Altars:


Innate Abilities, Weirdness & Mutations

You are immune to sickness and miasma.
Your stone body is resilient. (AC +2)
You are immune to poison.
You resist negative energy. (rN+)
You are resistant to electric shocks. (rElec)
You are resistant to unholy torment.
You are immune to petrification.


Message History

Casting: Sandblast (safe; 4% risk of failure)
Confirm with . or Enter, or press ? or * to list all spells.
Aiming: Sandblast (safe; 4% risk of failure)
Press: ? - help, Shift-Dir - straight line, f - jackal
Aim: a jackal (74% to hit)
The blast of sand hits the jackal!
You kill the jackal!
Your Earth Magic skill increases to level 4!
Unknown command.
The jackal attacks as you move away! The jackal bites you.
* * * LOW HITPOINT WARNING * * *
The jackal barely misses you. The jackal attacks as you move away!
The jackal closely misses you.
The frilled lizard hisses angrily.
The jackal barely misses you. The jackal attacks as you move away!
The jackal barely misses you. The jackal attacks as you move away!
The jackal bites you.
* * * LOW HITPOINT WARNING * * *
The jackal bites you but does no damage.
The jackal barely misses you. The jackal barely misses you.
Found a stone staircase leading down.
The jackal closely misses you. The jackal attacks as you move away!
The jackal barely misses you. The jackal attacks as you move away!
The jackal bites you but does no damage.
The jackal barely misses you. The jackal attacks as you move away!
The jackal completely misses you.
Casting: Sandblast (safe; 4% risk of failure)
Confirm with . or Enter, or press ? or * to list all spells.
Aiming: Sandblast (safe; 4% risk of failure)
Press: ? - help, Shift-Dir - straight line, f - jackal
Aim: a jackal (74% to hit)
The blast of sand hits the jackal.
The jackal is lightly wounded.
The jackal bites you but does no damage. x2
Unknown command.
A bat comes into view.
The bat barely misses you.
Found 23 gold pieces.
The bat barely misses you. The jackal bites you.
You die...

♣P...PP..♣....#.####
#...#
♣...P..PP♣.#.##.#
#...#
♣..PP..PP♣.#.##.#
#...#
.♣♣♣♣♣♣♣♣♣.....†#
#...# ....l......##
### ..
#$......##.#######
#.........lgrh.h.#
#...##.####.####h#
#.####.# #.# #@# #.#
#.# #.##..b....# #..
..# #>##.#.###..P$
### ### #.##.... P$
#... ..# ########


You could see 2 jackals and a bat.

Vanquished Creatures
  A ball python (D:1)
  A bat (D:1)
  A hobgoblin (D:1)
  2 jackals (D:1)
  2 rats (D:1)
7 creatures vanquished.

Vanquished Creatures (others)
  A fungus (D:1)
1 creature vanquished.

Grand Total: 8 creatures vanquished

Notes
Turn   | Place    | Note
-------+----------+-------------------------------------------
     0 | D:1      | siradein the Gargoyle Earth Elementalist began the quest
                  | for the Orb.
     0 | D:1      | Reached XP level 1. HP: 10/10 MP: 3/3
   147 | D:1      | Reached XP level 2. HP: 5/15 MP: 1/5
   148 | D:1      | Reached skill level 4 in Earth Magic
   168 | D:1      | Slain by a jackal

Illustrated notes

Levels and vault maps discovered:
D:1:      scummos_arrival_checkerplants, layout_loops_cross, serial_shops,
          nicolae_shop_bloodbath_and_beyond, minmay_gold_behind_fungi, hex_large

Skill      XL: |  1  2 |
---------------+-------+-----
Earth Magic    | 4 |  4.0
Dodging        | |  1.5
Stealth        | |  2.1
Spellcasting   | |  2.3
Transmutations | |  0.7

Action                   || total
-------------------------++-------
 Cast: Sandblast         ||    11
Armor: Robe              ||    30
Dodge: Dodged            ||    37

Table legend: (Time is in decaauts)
 A = Elapsed time spent in this place.
 B = Non-inter-level travel time spent in this place.
 C = Inter-level travel time spent in this place.
 D = Time resting spent in this place.
 E = Time spent auto-exploring this place.
 F = Levels seen in this place.
 G = Mean time per level.
                   A        B        C        D        E       F      G
               +--------+--------+--------+--------+--------+-----+--------+
         Total |    168 |    168 |      0 |      0 |     84 |   1 |  168.0 |
       Dungeon |    168 |    168 |      0 |      0 |     84 |   1 |  168.0 |
               +--------+--------+--------+--------+--------+-----+--------+

Top non-repeatable levels by time:
     D:1: 168 daAuts
